Map: Inside and Out

Players

binski

  • Race: Terran Terran
  • Spawn Location: 7:00

Harstem - Winner!

  • Race: Protoss Protoss
  • Spawn Location: 1:00

Event: DreamHack SC2 Masters 2022 Atlanta (Offline)

VOD

Have the link to the VOD?

Description

Time

  • Played on: Nov. 18, 2022, 11:32 a.m.
  • Length: 10:44

All games in this series

Show
View Real Time Build Order
Export as new Build Order

binski Terran 

Build Orders:  

Get SALT Encoding   

  12  0:00  SCV  
  13  0:12  SCV  
  14  0:17  Supply Depot  
  14  0:24  SCV  
  15  0:38  SCV  
  15  0:40  Barracks  
  16  0:44  Refinery  
  16  0:50  SCV  
  16  0:52  Refinery  
  17  1:02  SCV  
  18  1:15  SCV  
  19  1:27  Reaper, Orbital Command  
  19  1:29  Supply Depot  
  20  1:40  Factory  
  20  1:52  SCV  
  21  1:59  Reaper  
  22  2:04  SCV  
  23  2:16  Command Center  
  23  2:20  SCV  
  24  2:25  Hellion  
  26  2:34  SCV  
  27  2:37  Barracks Reactor, Supply Depot  
  27  2:46  SCV, Widow Mine  
  30  2:56  Starport  
  30  2:58  SCV  
  30  3:08  Widow Mine  
  30  3:10  SCV  
  32  3:16  Marine x2  
  34  3:22  SCV  
  35  3:31  Factory Tech Lab  
  35  3:32  Medivac  
  35  3:37  Marine  
  35  3:38  Marine  
  35  3:39  SCV  
  38  3:43  Orbital Command  
  36  3:51  SCV  
  36  3:55  Marine x2  
  37  3:59  Cyclone  
  39  4:03  SCV  
  40  4:13  Viking, Marine x2  
  40  4:15  SCV  
  40  4:16  SCV  
  46  4:27  SCV  
  46  4:28  SCV  
  46  4:29  Supply Depot  
  46  4:31  Marine x2  
  48  4:34  Cyclone  
  53  4:39  SCV  
  53  4:42  Barracks  
  54  4:51  Viking, SCV  
  54  4:52  Supply Depot, SCV  
  56  5:03  SCV  
  56  5:04  SCV  
  56  5:05  Barracks  
  58  5:13  Marine  
  59  5:15  SCV  
  59  5:16  SCV  
  59  5:20  Siege Tank  
  64  5:21  Marine  
  64  5:27  SCV  
  60  5:29  SCV  
  60  5:31  Marine  
  60  5:33  Barracks Tech Lab, Starport Tech Lab  
  58  5:39  SCV, Marine  
  58  5:41  SCV  
  58  5:43  Engineering Bay  
  58  5:45  Refinery  
  58  5:49  Marine  
  59  5:51  SCV  
  59  5:52  Stimpack, Marine  
  59  5:53  SCV  
  60  6:03  SCV, Starport Reactor  
  61  6:05  Supply Depot x2, SCV, Factory Reactor  
  60  6:14  Terran Infantry Weapons Level 1  
  60  6:15  SCV  
  60  6:16  Refinery  
  60  6:17  SCV, Missile Turret x2, Marine  
  60  6:18  Marauder  
  65  6:20  Marauder, Marine  
  65  6:23  Combat Shield  
  68  6:28  Supply Depot, SCV  
  68  6:32  Supply Depot  
  69  6:35  Marine  
  69  6:37  Marine  
  69  6:39  Marauder  
  73  6:42  Marauder  
  73  6:44  Medivac, Widow Mine x2  
  81  6:52  Medivac  
  83  6:54  Marine  
  83  6:55  Supply Depot, Marine  
  83  7:00  SCV x2  
  84  7:07  Command Center  
  84  7:08  Supply Depot  
  84  7:09  Marine x2  
  84  7:14  Missile Turret  
  86  7:17  Medivac, Widow Mine  
  86  7:19  SCV x2  
  89  7:25  Supply Depot  
  89  7:28  Marauder  
  89  7:33  Marauder  
  89  7:34  Marine  
  92  7:40  Barracks  
  92  7:42  Concussive Shells  
  92  7:44  Barracks  
  92  7:49  Widow Mine x2, Marauder  
  96  7:52  Marine  
  96  7:53  Marine  
  96  7:55  Marauder  
  96  7:56  SCV  
  96  7:57  SCV  
  99  8:08  SCV, Medivac  
  99  8:10  Widow Mine  
  99  8:11  Widow Mine, Marine x2  
  108  8:14  SCV  
  104  8:21  Marine  
  95  8:34  Marauder x2, Marine x2  
  95  8:35  Barracks Reactor  
  95  8:36  Widow Mine x2  
  95  8:39  Marine  
  95  8:40  Armory  
  104  8:41  SCV  
  104  8:47  SCV  
  104  8:54  SCV, Marine x2  
  107  8:59  Supply Depot, SCV  
  108  9:05  Orbital Command  
  108  9:06  Missile Turret  
  108  9:07  SCV  
  109  9:12  SCV  
  109  9:15  Marauder x2  
  112  9:19  SCV  
  111  9:25  Viking x2  
  111  9:26  SCV  
  111  9:31  SCV x2  
  115  9:33  Refinery, Starport  
  115  9:36  Refinery  
  116  9:42  Ghost Academy  
  116  9:43  Engineering Bay  
  116  9:46  SCV  
  116  9:47  SCV x2  
  116  9:48  Factory Reactor  
  119  9:54  Missile Turret  
  119  9:55  Bunker  
  119  9:57  Supply Depot, Marine x2  
  119  9:59  Supply Depot, SCV x2  
  123  10:03  Viking  
  123  10:04  Viking  
  123  10:06  SCV  
  126  10:11  SCV x2  
  126  10:13  Supply Depot  
  128  10:18  SCV  
  123  10:23  SCV  
Show
View Real Time Build Order
Export as new Build Order

Harstem Protoss - Winner!

Build Orders: 1 Gate Expand, Phoenix Opening 

Get SALT Encoding   

  12  0:00  Probe  
  13  0:12  Probe  
  14  0:17  Pylon  
  14  0:24  Probe (Chrono Boost)  
  15  0:36  Probe (Chrono Boost)  
  15  0:37  Gateway  
  16  0:44  Probe (Chrono Boost)  
  16  0:47  Assimilator  
  17  0:51  Probe  
  18  1:03  Probe  
  19  1:15  Probe  
  20  1:24  Cybernetics Core  
  20  1:34  Nexus  
  20  1:41  Pylon  
  20  1:44  Probe  
  21  1:52  Assimilator  
  21  1:56  Probe  
  21  1:57  Adept (Chrono Boost)  
  24  2:08  Probe  
  25  2:17  Adept (Chrono Boost)  
  25  2:20  Probe  
  25  2:22  Shield Battery  
  28  2:28  Stargate  
  28  2:35  Probe  
  28  2:37  Warp Gate  
  29  2:46  Adept, Probe  
  29  2:47  Probe  
  33  2:58  Probe  
  33  2:59  Probe  
  35  3:10  Probe  
  35  3:11  Probe  
  35  3:12  Phoenix (Chrono Boost)  
  38  3:22  Probe  
  38  3:23  Probe  
  40  3:27  Pylon  
  40  3:28  Phoenix  
  42  3:34  Probe  
  42  3:35  Probe  
  42  3:41  Robotics Facility, Assimilator  
  44  3:47  Probe  
  44  3:48  Probe  
  44  3:54  Phoenix  
  47  4:03  Probe (Chrono Boost)  
  47  4:04  Probe (Chrono Boost)  
  47  4:07  Pylon  
  47  4:09  Assimilator  
  44  4:14  Probe (Chrono Boost)  
  44  4:16  Probe (Chrono Boost)  
  46  4:19  Phoenix  
  46  4:20  Probe  
  49  4:25  Probe  
  50  4:32  Probe  
  50  4:33  Robotics Bay  
  50  4:36  Pylon  
  50  4:37  Probe  
  52  4:40  Zealot, Gateway  
  56  4:46  Phoenix (Chrono Boost)  
  56  4:49  Probe  
  56  4:50  Immortal (Chrono Boost)  
  57  4:59  Probe  
  62  5:01  Probe  
  62  5:02  Stalker  
  65  5:07  Pylon  
  65  5:11  Probe  
  66  5:16  Probe  
  67  5:23  Probe (Chrono Boost)  
  67  5:24  Phoenix  
  68  5:34  Probe (Chrono Boost)  
  69  5:36  Stalker x2  
  69  5:42  Nexus, Probe (Chrono Boost)  
  74  5:43  Probe (Chrono Boost)  
  74  5:44  Pylon  
  75  5:52  Probe  
  75  5:54  Probe  
  76  5:58  Observer (Chrono Boost)  
  76  6:01  Pylon  
  77  6:04  Probe  
  77  6:10  Colossus (Chrono Boost)  
  77  6:11  Probe  
  79  6:13  Forge  
  79  6:16  Probe  
  86  6:19  Phoenix  
  86  6:20  Extended Thermal Lance  
  86  6:23  Sentry  
  86  6:24  Zealot  
  92  6:28  Probe  
  93  6:32  Pylon  
  93  6:33  Shield Battery  
  93  6:36  Pylon  
  93  6:40  Probe  
  94  6:47  Protoss Ground Weapons Level 1  
  94  6:50  Probe  
  94  6:52  Probe  
  94  6:53  Colossus (Chrono Boost)  
  96  6:55  Probe  
  103  7:08  Twilight Council  
  103  7:09  Gateway  
  103  7:11  Gateway  
  103  7:13  Gateway  
  103  7:15  Gateway  
  103  7:25  Zealot x2  
  103  7:28  Shield Battery  
  103  7:29  Shield Battery, Observer  
  107  7:32  Shield Battery  
  107  7:33  Colossus (Chrono Boost)  
  113  7:38  Probe  
  113  7:39  Assimilator  
  113  7:40  Phoenix (Chrono Boost)  
  116  7:44  Assimilator  
  116  7:52  Zealot  
  116  7:53  Zealot, Probe  
  116  7:54  Probe  
  116  7:56  Probe  
  123  8:05  Probe  
  123  8:06  Probe  
  123  8:09  Pylon  
  125  8:13  Probe, Pylon  
  125  8:17  Zealot, Probe  
  125  8:21  Probe  
  125  8:24  Charge (Chrono Boost)  
  125  8:25  Zealot  
  123  8:27  Probe  
  123  8:28  Observer  
  123  8:30  Probe  
  123  8:33  Probe  
  123  8:40  Zealot x5  
  134  8:41  Warp Prism (Chrono Boost)  
  134  8:42  Probe  
  134  8:43  Templar Archives  
  134  8:45  Pylon  
  136  8:49  Gateway  
  136  8:50  Gateway  
  136  9:03  Zealot  
  136  9:08  Probe  
  139  9:10  Nexus  
  139  9:11  Pylon  
  139  9:22  High Templar x4  
  139  9:23  High Templar  
  149  9:27  Archon x2  
  149  9:29  Probe, Pylon  
  149  9:30  Photon Cannon  
  150  9:31  Pylon  
  150  9:33  High Templar  
  150  9:35  Probe  
  150  9:37  Probe  
  150  9:38  Forge  
  153  9:40  Photon Cannon  
  153  9:43  Probe  
  153  9:44  Pylon  
  154  9:50  Zealot x2  
  154  9:51  Probe  
  157  9:54  Probe  
  157  9:55  High Templar  
  157  9:56  High Templar x4  
  157  9:59  Archon  
  168  10:01  Archon, Immortal  
  168  10:02  Archon  
  168  10:05  High Templar  
  172  10:14  Zealot x2, Archon  
  146  10:30  Zealot x5  
  150  10:37  Zealot x2  
  150  10:38  Zealot  
Tags
 
Add a new tag
Caveats
  • Supply blocks, unpowered buildings, or Contaminate may cause inaccurate times.
  • Supply counts are checked every 10 seconds.